 Dungeon Crawl Stone Soup version 0.28-a0-1568-g77cbbf62ba (webtiles) character file.

Game seed: 17070156029193172782

7599 Ijustatesigmund the Fighter (level 10, -2/141 HPs)
             Began as a Minotaur Fighter on Jan 20, 2022.
             Was a Follower of the Shining One.
             Slain by a kobold brigand (5 damage)
             ... in a bailey.
             The game lasted 00:19:55 (10253 turns).

Ijustatesigmund the Fighter (Minotaur Fighter)     Turns: 10253, Time: 00:19:57

Health: -2/141     AC: 25    Str: 24    XL:     10   Next: 97%
Magic:  13/13      EV:  2    Int:  7    God:    the Shining One [*.....]
Gold:   391        SH:  6    Dex: 17    Spells: 9/9 levels left

rFire   . . .      SeeInvis .   a - +3 flail (freeze)
rCold   . . .      Faith    .   c - +0 buckler
rNeg    . . .      Spirit   .   (armour currently unavailable)
rPois   +          Reflect  .   (helmet currently unavailable)
rElec   .          Harm     .   (cloak currently unavailable)
rCorr   .          Rampage  .   (gloves currently unavailable)
Will    +....      NoTele   +   (boots currently unavailable)
Stlth   +.........              (no amulet)
HPRegen 0.33/turn               k - +6 ring of dexterity
MPRegen 0.13/turn               (no ring)

@: tree-form (expiring), slowed, glowing, very slow
A: stationary, stasis, torment immunity, boosted hp, (horns 2), (retaliatory
headbutt), clever 1, strong-willed 1
a: Renounce Religion, Divine Shield


You were in a bailey.
You worshipped the Shining One.
The Shining One was aware of your devotion.
You were a tree.
You visited 2 branches of the dungeon, and saw 11 of its levels.
You visited the Abyss 1 time.
You also visited: Sewer and Bailey.

You collected 461 gold pieces.
You spent 70 gold pieces at shops.

Inventory:

Hand Weapons
 a - a +3 flail of freezing (weapon)
Missiles
 j - 4 silver javelins (quivered)
Armour
 b - the +14 crystal plate armour "Depp" (melded) {Dex+2}
   (You acquired it on level 4 of the Dungeon)

   Dex:       It affects your dexterity (+2).
 c - a +0 buckler (worn)
 n - a +0 pair of gloves (melded)
 s - a scarf of resistance (melded)
Jewellery
 k - a +6 ring of dexterity (left branch)
Wands
 d - a wand of paralysis (9)
 o - a wand of polymorph (5)
Scrolls
 h - 2 scrolls of fear
 m - 2 scrolls of teleportation
 q - a scroll of identify
Potions
 f - a potion of resistance
 g - 5 potions of brilliance
 l - 2 potions of magic
 p - 2 potions of cancellation
 r - 3 potions of mutation
Miscellaneous
 e - a piece from Xom's chessboard (15/15)


   Skills:
 + Level 10.8 Fighting
 + Level 10.8 Maces & Flails
 + Level 10.3 Armour
 - Level 5.8 Dodging
 + Level 5.5 Shields
 + Level 5.5 Invocations


You had 9 spell levels left.
You didn't know any spells.
Your spell library contained the following spells:

 Spells                   Type           Power      Damage    Failure   Level
 Animate Skeleton         Necr           0%         N/A       52%         1
 Beastly Appendage        Tmut           0%         N/A       52%         1
 Magic Dart               Conj           0%         1d3       52%         1
 Pain                     Necr           0%         1d4       52%         1
 Shock                    Conj/Air       0%         1d3       52%         1
 Call Imp                 Summ           0%         N/A       65%         2
 Static Discharge         Conj/Air       0%         N/A       65%         2
 Wereblood                Tmut           0%         N/A       65%         2
 Frozen Ramparts          Ice            0%         1d2       87%         3
 Mephitic Cloud           Conj/Pois/Air  0%         N/A       87%         3
 Spider Form              Tmut/Pois      0%         N/A       87%         3
 Swiftness                Air            0%         N/A       87%         3
 Tukima's Dance           Hex            0%         N/A       87%         3
 Vampiric Draining        Necr           0%         2d6       87%         3
 Airstrike                Air            0%         N/A       99%         4
 Anguish                  Hex/Necr       0%         N/A       99%         4
 Dispel Undead            Necr           0%         3d6       99%         4
 Ice Form                 Ice/Tmut       0%         N/A       99%         4
 Leda's Liquefaction      Hex/Erth       0%         N/A       99%         4
 Passage of Golubria      Tloc           0%         N/A       99%         4
 Sticky Flame             Conj/Fire      0%         2d3       99%         4
 Summon Ice Beast         Ice/Summ       0%         N/A       99%         4
 Lee's Rapid Deconstruct  Erth           0%         3d5*      100%        5
 Silence                  Hex/Air        0%         N/A       100%        5
 Summon Forest            Summ/Tloc      0%         N/A       100%        5
 Summon Mana Viper        Hex/Summ       0%         N/A       100%        5
 Statue Form              Tmut/Erth      0%         N/A       100%        6
 Summon Cactus Giant      Summ           0%         N/A       100%        6
 Enfeeble                 Hex            0%         N/A       100%        7
 Malign Gateway           Summ/Tloc      0%         N/A       100%        7
 Lehudib's Crystal Spear  Conj/Erth      0%         10d2      100%        8
 Summon Horrible Things   Summ           0%         N/A       100%        8


Dungeon Overview and Level Annotations

Branches:
Dungeon (10/15)            Temple (1/1) D:6           Sewer (visited)
 Bailey (1/1)
   Lair: D:8-11         Orc: D:9-12

Altars:
Ashenzari
Cheibriados
Elyvilon
Fedhas
Gozag
Hepliaklqana
Kikubaaqudgha
Makhleb
Nemelex Xobeh
Okawaru
Qazlal
Ru
Sif Muna
Trog
Wu Jian
Xom
Zin
The Shining One

Shops:
D:3 ?

Annotations:
D:6 1 transporter, Lekart's ghost, novice DrFi
D:9 3 runed translucent doors, Stonecrops's ghost, novice DECj
D:10 exclusion: obsidian statue


Innate Abilities, Weirdness & Mutations

You are a tree.
Your roots penetrate the ground, keeping you stationary.
You cannot be teleported.
You are immune to unholy pain and torment.
Your maximum health is greatly increased.
Your equipment is partially melded.
((You have a pair of horns on your head.))
((You reflexively headbutt those who attack you in melee.))
Your mind is acute. (Int +2)
You are strong-willed. (Will+)


Message History

You feel less invigorated.
You feel less confused.
You feel very sick. You block the kobold's attack.
You block the kobold brigand's attack.
The kobold hits you but does no damage. x2
The kobold brigand hits you but does no damage.
The kobold hits you but does no damage.
The kobold brigand hits you but does no damage.
The kobold hits you but does no damage. You block the kobold brigand's attack.
The kobold hits you but does no damage.
You sock the kobold brigand! You freeze the kobold brigand.
You kill the kobold brigand!
You feel sick.
The kobold hits you but does no damage. x2
The kobold brigand hits you but does no damage.
The kobold hits you but does no damage. You block the kobold brigand's attack.
You block the kobold's attack. The kobold hits you.
* * * LOW HITPOINT WARNING * * *
The kobold brigand hits you but does no damage.
The kobold hits you but does no damage.
You barely miss the kobold brigand.
You feel sick. The kobold hits you but does no damage.
The kobold brigand hits you but does no damage.
The kobold hits you but does no damage. x3
The kobold brigand hits you but does no damage.
The kobold hits you but does no damage.
You thump the kobold! You freeze the kobold.
You kill the kobold!
You feel sick.
The kobold brigand hits you but does no damage.
The kobold hits you but does no damage. You block the kobold's attack.
You block the kobold brigand's attack. You block the kobold's attack.
The kobold brigand completely misses you.
You hit the kobold. You freeze the kobold.
You kill the kobold!
Your transformation is almost over.
You feel sick.
You are no longer poisoned.
The kobold hits you but does no damage.
The kobold brigand hits you with a +0 war axe.
You die...

##≈≈.......≈≈##
..≈≈.......≈≈..
##≈≈.......≈≈###
..≈≈.......≈≈..
##≈≈.......≈≈###
..≈≈.......≈≈...
##≈≈.......≈≈###
..≈≈..KKK..≈≈...
##≈≈..)♣K..≈≈###
..≈≈..((...≈≈...
##≈≈.......≈≈###
##≈.......≈##
####...####
#...# #...#
#...# ##'''##


You could see 2 kobold brigands and 2 kobolds.

Vanquished Creatures
  A tentacled starspawn (Abyss:2)
  A spriggan skeleton (Abyss:2)
  A two-headed ogre (D:10)
  Maggie (D:9)
  Psyche (D:8)
  A troll (D:9)
  11 yaks (D:10)
  A wyvern (D:7)
  Grum (D:9)
  3 steam dragons
  Edmund (D:4)
  A water moccasin (D:4)
  Duvessa (D:6)
  An acid dragon (D:10)
  An orc warrior (D:10)
  2 ice beasts
  2 sky beasts
  3 ogres
  2 wolves (D:9)
  A centaur (D:9)
  8 kobold brigands
  A bullfrog (D:8)
  Dowan (D:6)
  5 wights (D:9)
  12 killer bees
  A howler monkey (D:10)
  2 centaur zombies
  A bullfrog zombie (D:5)
  A jelly (D:8)
  2 hounds
  6 orc priests
  A gnoll shaman (D:8)
  3 iguanas
  6 orc wizards
  2 killer bee zombies
  Robin (D:4)
  6 gnolls
  5 adders
  2 shadow imps
  A white imp (D:5)
  An adder skeleton (D:5)
  A worm (D:2)
  A dart slug (D:1)
  18 orcs
  5 ball pythons
  10 bats
  4 endoplasms
  7 giant cockroaches
  15 goblins
  7 hobgoblins
  3 jackals (D:2)
  42 kobolds
  5 quokkas
  7 rats
  A starspawn tentacle (Abyss:2)
231 creatures vanquished.

Vanquished Creatures (others)
  A plant (Sewer)
  2 starspawn tentacles (Abyss:2)
3 creatures vanquished.

Grand Total: 234 creatures vanquished

Notes
Turn   | Place    | Note
-------+----------+-------------------------------------------
     0 | D:1      | Ijustatesigmund the Minotaur Fighter began the quest for
                  | the Orb.
     0 | D:1      | Reached XP level 1. HP: 19/19 MP: 0/0
   214 | D:1      | Reached XP level 2. HP: 27/27 MP: 1/1
   323 | D:1      | Found a faded altar of an unknown god.
   720 | D:2      | Reached XP level 3. HP: 33/33 MP: 2/2
  1243 | D:2      | Reached XP level 4. HP: 25/41 MP: 3/3
  1505 | D:3      | Found a white marble altar of Elyvilon.
  1965 | D:3      | Noticed an ogre
  2139 | D:4      | Identified the +2 helmet of Restlessness {Fly Will+ Stlth+}
  2139 | D:4      | Noticed Robin
  2147 | D:4      | Killed Robin
  2575 | D:4      | Found a shimmering altar of Xom.
  2619 | D:4      | Reached skill level 5 in Maces & Flails
  2631 | D:4      | Noticed a water moccasin
  2644 | D:4      | Killed a water moccasin
  2645 | D:4      | Reached skill level 5 in Fighting
  2645 | D:4      | Reached XP level 5. HP: 38/48 MP: 4/4
  2820 | D:4      | Noticed Edmund
  2821 | D:4      | Reached XP level 6. HP: 56/56 MP: 5/5
  2831 | D:5      | Entered Level 5 of the Dungeon
  2860 | D:4      | Killed Edmund
  2861 | D:4      | Reached skill level 5 in Armour
  3087 | D:4      | Identified a scroll of acquirement
  3087 | D:4      | Acquired the +14 crystal plate armour "Depp" {Dex+2}
  3412 | D:4      | Reached XP level 7. HP: 63/63 MP: 6/6
  3978 | D:5      | Noticed a steam dragon
  3984 | D:5      | Killed a steam dragon
  4339 | D:3      | Found an ancient bone altar of Kikubaaqudgha.
  4394 | D:3      | Found Xamog's Magic Scroll Shoppe.
  4402 | D:3      | Bought a scroll of teleportation for 42 gold pieces
  4402 | D:3      | Bought a scroll of identify for 28 gold pieces
  4738 | D:6      | Reached XP level 8. HP: 72/73 MP: 7/7
  4745 | D:6      | Found a glowing drain.
  4761 | Sewer    | Entered a sewer
  5018 | Sewer    | Reached skill level 1 in Dodging
  5129 | D:6      | Noticed Dowan
  5135 | D:6      | Killed Dowan
  5604 | D:6      | Noticed Duvessa
  5613 | D:6      | Killed Duvessa
  5753 | D:6      | Found a staircase to the Ecumenical Temple.
  5766 | Temple   | Entered the Ecumenical Temple
  6033 | Temple   | Became a worshipper of the Shining One
  6305 | D:6      | Found a transporter.
  6306 | D:6      | Identified the +7 great mace "Mearel" {flame, rC+ rN+}
  6306 | D:6      | Noticed a two-headed ogre
  6307 | D:6      | Noticed Lekart's ghost (novice DrFi)
  6632 | D:7      | Reached skill level 1 in Invocations
  6646 | D:7      | Reached XP level 9. HP: 82/82 MP: 8/8
  6923 | D:7      | Found a broken altar of Ashenzari.
  7888 | D:8      | Noticed Psyche
  7927 | D:8      | Gained mutation: You are agile. (Dex +2) [potion of
                  | mutation]
  7931 | D:8      | Cast into level 2 of the Abyss (Psyche)
  7972 | Abyss:2  | Noticed a tentacled starspawn
  7989 | Abyss:2  | Killed a tentacled starspawn
  7992 | D:8      | Escaped the Abyss
  8006 | D:8      | Killed Psyche
  8802 | D:8      | Reached skill level 5 in Dodging
  9141 | D:9      | Noticed Maggie
  9146 | D:9      | Paralysed by Maggie for 6 turns
  9157 | D:9      | Killed Maggie
  9184 | D:9      | Found a runed translucent gate.
  9184 | D:9      | Found a runed translucent gate.
  9184 | D:9      | Found a runed translucent gate.
  9185 | D:9      | Noticed Stonecrops's ghost (novice DECj)
  9253 | D:9      | Reached XP level 10. HP: 92/92 MP: 11/11
  9253 | D:9      | Noticed Grum
  9260 | D:9      | Killed Grum
  9482 | D:9      | Reached * piety under the Shining One
  9690 | D:10     | Entered Level 10 of the Dungeon
  9696 | D:10     | Noticed an obsidian statue
  9708 | D:10     | Reached skill level 10 in Fighting
  9708 | D:10     | Reached skill level 10 in Maces & Flails
 10011 | D:10     | Noticed a two-headed ogre
 10019 | D:10     | Killed a two-headed ogre
 10020 | D:10     | Reached skill level 10 in Armour
 10020 | D:10     | Reached skill level 5 in Shields
 10020 | D:10     | Reached skill level 5 in Invocations
 10214 | D:10     | Found a flagged portal.
 10224 | Bailey   | Entered a bailey
 10247 | Bailey   | HP: 6/141 [kobold brigand (8)]
 10249 | Bailey   | Lost mutation: You are agile. (Dex +2) [potion of mutation]
 10249 | Bailey   | Gained mutation: You are strong-willed. (Will+) [potion of
                  | mutation]
 10249 | Bailey   | Gained mutation: Your mind is acute. (Int +2) [potion of
                  | mutation]
 10252 | Bailey   | HP: 4/141 [poisoned by a kobold brigand (curare-tipped
                  | dart)]
 10253 | Bailey   | Slain by a kobold brigand

Illustrated notes

Levels and vault maps discovered:
D:1:      heliophobic_arrival_ceremonial_halls, layout_rooms,
          shapermc_ecumenical_altar_mp_vishouse
D:2:      layout_loops_ring, kennysheep_nub
D:3:      wander_river, layout_basic, mainiacjoe_overflow_boulevard,
          mainiacjoe_overflow_tiny_flanked, serial_shops,
          nicolae_shop_competitors_out_of_business
D:4:      layout_cave_pools, xom_butterflies, uniq_robin, uniq_edmund
D:5:      layout_loops_ring
D:6:      layout_rooms, minmay_temple_entry_overgrown, gammafunk_ghost_smash,
          gup_sewer_entry_pipe, uniq_duvessa
D:7:      layout_basic, lemuel_doored_altar, serial_park_tiny_2
D:8:      layout_basic, uniq_psyche
D:9:      layout_basic, ebering_ghost_rock_garden, corexii_checkpoint_b,
          uniq_maggie, uniq_grum
D:10:     layout_basic, grunt_temple_overflow_cloverleaf, lair_entry_dummy,
          orc_0_dummy, enter_bailey_6, minmay_misc_feat_tower,
          minmay_statue_bubble, uniq_joseph
Temple:   minmay_temple_curvy_branch
Bailey:   bailey_axe_3, bailey

Skill      XL: |  1  2  3  4  5  6  7  8  9 10 |
---------------+-------------------------------+-----
Maces & Flails | 3 4 5 6 7 8 9 10 | 10.8
Fighting       | 4 5 6 7 8 9 10 | 10.8
Armour         | 4 5 6 8 9 10 | 10.3
Dodging        | 3 5 |  5.8
Invocations    | 1 3 5 |  5.5
Shields        | 5 |  5.5

Action                   |  1- 3 |  4- 6 |  7- 9 | 10-12 || total
-------------------------+-------+-------+-------+-------++-------
Melee: Flail             |    67 |   107 |   374 |   131 ||   679
       Headbutt          |     7 |    17 |    65 |    40 ||   129
Throw: Javelin           |       |       |     3 |       ||     3
  Use: Scroll            |     6 |     1 |    10 |     2 ||    19
       Potion            |     1 |     1 |     8 |     3 ||    13
Armor: Scale mail        |    40 |    26 |       |       ||    66
       Chain mail        |       |    27 |       |       ||    27
       Crystal plate arm |       |    10 |   340 |    69 ||   419
       Skin              |       |       |     1 |    42 ||    43
Dodge: Dodged            |    32 |    51 |    67 |    46 ||   196
Block: Buckler           |    14 |    39 |   113 |    44 ||   210

Table legend: (Time is in decaauts)
 A = Elapsed time spent in this place.
 B = Non-inter-level travel time spent in this place.
 C = Inter-level travel time spent in this place.
 D = Time resting spent in this place.
 E = Time spent auto-exploring this place.
 F = Levels seen in this place.
 G = Mean time per level.
                   A        B        C        D        E       F      G
               +--------+--------+--------+--------+--------+-----+--------+
         Total |  10379 |  10006 |    373 |   2157 |   6179 |  14 |  741.4 |
       Dungeon |   9646 |   9317 |    329 |   2124 |   5727 |  10 |  964.6 |
        Temple |    289 |    246 |     43 |      0 |    245 |   1 |  289.0 |
         Abyss |     60 |     60 |      0 |     33 |      0 |   1 |   60.0 |
         Sewer |    348 |    348 |      0 |      0 |    199 |   1 |  348.0 |
        Bailey |     34 |     34 |      0 |      0 |      7 |   1 |   34.0 |
               +--------+--------+--------+--------+--------+-----+--------+

Top non-repeatable levels by time:
     D:8: 1553 daAuts
     D:3: 1445 daAuts
     D:5: 1184 daAuts
     D:4: 1124 daAuts
     D:2: 951 daAuts
     D:9: 822 daAuts
     D:7: 819 daAuts
     D:6: 687 daAuts
     D:1: 530 daAuts
    D:10: 528 daAuts
   Sewer: 348 daAuts
  Temple: 289 daAuts
 Abyss:2: 60 daAuts
  Bailey: 34 daAuts
